 Dungeon Crawl Stone Soup version 0.31-a0-210-gccc998df9b (webtiles) character file.

Game seed: 6037835551261833015

280 qw the Chopper (level 6, 0/38 HPs)
             Began as a Gargoyle Fighter on June 29, 2023.
             Killed by divine providence
             ... invoked by an orc priest
              (10 damage)
             ... on level 5 of the Dungeon.
             The game lasted 00:02:01 (3793 turns).

qw the Chopper (Gargoyle Fighter)                   Turns: 3793, Time: 00:02:02

Health: 0/38       AC: 16    Str: 21 (22) XL:     6   Next: 27%
Magic:  6/6        EV:  7    Int:  5 (8)  God:
Gold:   186        SH:  4    Dex:  8 (9)  Spells: 5/5 levels left

rFire   . . .        Y - +0 war axe
rCold   . . .        c - +0 buckler
rNeg    + . .        a - +0 chain mail
rPois   inf          m - +0 helmet
rElec   +            (no cloak)
rCorr   .            i - +1 pair of gloves
SInv    +            (no boots)
Will    .....        (no amulet) Stlth
                     j - ring of see invisible
HPRegen 0.26/turn    (no ring)
MPRegen 0.10/turn

%: no passive effects
@: about to teleport
A: sickness immunity, AC +4, negative energy resistance 1, electricity
resistance, torment resistance 1, petrification resistance
a: no special abilities


You were on level 5 of the Dungeon.
You visited 1 branch of the dungeon, and saw 5 of its levels.

You collected 186 gold pieces.


Innate Abilities, Weirdness & Mutations

You are immune to sickness and miasma.
Your stone body is resilient. (AC +4)
You are immune to poison.
You resist negative energy. (rN+)
You are resistant to electric shocks. (rElec)
You are resistant to unholy torment.
You are immune to petrification.


   Skills:
 - Level 4.0 Fighting
 + Level 5.5 Axes
 - Level 3.2 Armour
 - Level 3.2 Shields


You had 5 spell levels left.
You didn't know any spells.
Your spell library was empty.

Inventory:

Hand Weapons
 h - a +0 flail
 Y - a +0 war axe (weapon)
Armour
 a - a +0 chain mail (worn)
 c - a +0 buckler (worn)
 i - a +1 pair of gloves (worn)
 m - a +0 helmet (worn)
Jewellery
 j - a ring of see invisible (left hand)
Scrolls
 b - a scroll of identify
Potions
 d - 3 potions of might
 e - a potion of heal wounds
 g - a potion of lignification {unknown}
 k - a potion of ambrosia {unknown}

Dungeon Overview and Level Annotations

Branches:
Dungeon (5/15)
 Temple: D:4-7

Altars:
Xom


Message History

You slash the orc wizard!
The orc wizard hits you but does no damage.
The orc priest hits you but does no damage.
You closely miss the orc priest.
The orc priest is severely wounded.
You closely miss the orc. You hit the orc wizard.
The orc hits you with a +0 hand axe.
The orc priest invokes the aid of Beogh against you.
Beogh smites you!
You barely miss the orc priest.
The orc priest is severely wounded.
You closely miss the orc. You barely miss the orc wizard.
The orc priest calls down the wrath of Beogh upon you.
Beogh smites you! The orc barely misses you. The orc wizard barely misses you.
The orc priest hits you with a +0 short sword.
The orc wizard hits you but does no damage.
The orc priest invokes the aid of Beogh against you.
You barely resist. The orc hits you but does no damage.
3791 ||| READING scroll of teleportation.
As you read the scroll of teleportation, it crumbles to dust.
You feel strangely unstable.
The orc priest hits you but does no damage.
The orc wizard casts a spell at you.
The puff of flame hits you but does no damage.
The orc priest hits you but does no damage.
You block the orc's attack.
You barely miss the orc priest.
The orc priest is severely wounded.
You barely miss the orc. You barely miss the orc priest.
You hit the orc wizard. You block the orc wizard's attack.
The orc priest hits you but does no damage.
The orc barely misses you. The orc priest closely misses you.
You slash the orc wizard!
You kill the orc wizard!
You barely miss the orc priest. You barely miss the worm.
You barely miss the orc priest. You slash the orc!
You kill the orc!
The orc priest mumbles some strange prayers to Beogh against you.
Beogh smites you!
You die...

#.######..###.#.#
#...............#
##.#####..##....#
#..#.....##
##.#####..........
#...............##
...#####...#....#
#).........
#@)####..#.
......oow....<.#
#..........###.#
#######..##.# #
##.# ## .. .. ..#


You could see a worm and 2 orc priests.

Vanquished Creatures
  Jessica (D:3)
  An iguana (D:5)
  2 orc wizards
  Robin (D:4)
  7 adders
  A white imp (D:5)
  An ufetubus (D:4)
  4 dart slugs
  11 orcs
  8 endoplasms
  4 giant cockroaches
  11 goblins
  8 hobgoblins
  5 quokkas
  7 ball pythons
  7 bats
  9 frilled lizards
  9 kobolds
  7 rats
104 creatures vanquished.

Notes
Turn   | Place    | Note
-------+----------+-------------------------------------------
     0 | D:1      | qw the Gargoyle Fighter began the quest for the Orb.
     0 | D:1      | Reached XP level 1. HP: 14/14 MP: 1/1
     0 | D:1      | 0 ||| qw: Version: 0.3-a-24-ga2abf7b
     0 | D:1      | 0 ||| qw: Game counter: 6856
     0 | D:1      | 0 ||| qw: Melee chars always use a shield: true
     0 | D:1      | 0 ||| qw: God list: Okawaru
     0 | D:1      | 0 ||| qw: Allow faded altars: false
     0 | D:1      | 0 ||| qw: Do Orc after clearing Dungeon:15 true
     0 | D:1      | 0 ||| qw: Do second Lair branch before Depths: true
     0 | D:1      | 0 ||| qw: Lair rune preference: random
     0 | D:1      | 0 ||| qw: Goals: Normal, Zot:1-4, Slime:5, God:TSO, Crypt,
                  | Tomb, Abyss, Pan, Hells, Win
     0 | D:1      | 0 ||| PLANNING D:1-11
    18 | D:1      | 18 ||| Stepping ~*~*~tactically~*~*~ (stealth).
    35 | D:1      | Reached skill level 2 in Axes
    60 | D:1      | You fall into a shaft and drop 1 floor!
   111 | D:2      | Reached XP level 2. HP: 16/19 MP: 2/2
   223 | D:2      | Reached skill level 3 in Axes
   223 | D:2      | Reached XP level 3. HP: 20/23 MP: 3/3
   236 | D:2      | 236 ||| Stepping ~*~*~tactically~*~*~ (stealth).
   238 | D:2      | 238 ||| Stepping ~*~*~tactically~*~*~ (stealth).
   287 | D:2      | Reached skill level 4 in Axes
   287 | D:2      | Reached XP level 4. HP: 28/28 MP: 4/4
   305 | D:2      | 305 ||| DROPPING +0 whip.
   337 | D:2      | Found a shimmering altar of Xom.
   421 | D:2      | 421 ||| READING scroll labelled BUCY VEEDWIU.
   422 | D:2      | 422 ||| READING scroll labelled CUOMOPY CAYSK.
   425 | D:2      | 425 ||| READING scroll labelled QAMINE ESOO.
   426 | D:2      | 426 ||| READING scroll labelled PERHERIULATS.
   796 | D:1      | 796 ||| Stepping ~*~*~tactically~*~*~ (hiding).
   937 | D:1      | 937 ||| Stepping ~*~*~tactically~*~*~ (stealth).
  1251 | D:1      | 1251 ||| UPGRADING to +0 chain mail.
  1261 | D:1      | 1261 ||| DROPPING +0 scale mail.
  1338 | D:2      | 1338 ||| Stepping ~*~*~tactically~*~*~ (stealth).
  1696 | D:2      | 1696 ||| READING scroll labelled GETOAS SEIGAIDAO.
  1697 | D:2      | 1697 ||| READING scroll labelled KUYWNIE RAOVI.
  1793 | D:3      | Reached XP level 5. HP: 28/32 MP: 5/5
  1974 | D:3      | 1974 ||| Stepping ~*~*~tactically~*~*~ (stealth).
  1986 | D:3      | 1986 ||| Stepping ~*~*~tactically~*~*~ (stealth).
  1987 | D:3      | 1987 ||| Stepping ~*~*~tactically~*~*~ (stealth).
  2227 | D:3      | Noticed Jessica
  2235 | D:3      | Killed Jessica
  2236 | D:3      | Reached skill level 5 in Axes
  2236 | D:3      | 2236 ||| FLEEEEING.
  2237 | D:3      | 2237 ||| FLEEEEING.
  2238 | D:3      | 2238 ||| FLEEEEING.
  2239 | D:3      | 2239 ||| FLEEEEING.
  2241 | D:3      | 2241 ||| FLEEEEING.
  2242 | D:3      | 2242 ||| FLEEEEING.
  2243 | D:3      | 2243 ||| FLEEEEING.
  2244 | D:3      | 2244 ||| FLEEEEING.
  2245 | D:3      | 2245 ||| FLEEEEING.
  2246 | D:3      | 2246 ||| FLEEEEING.
  2249 | D:3      | 2249 ||| FLEEEEING.
  2250 | D:3      | 2250 ||| FLEEEEING.
  2251 | D:3      | 2251 ||| FLEEEEING.
  2252 | D:3      | 2252 ||| FLEEEEING.
  2253 | D:3      | 2253 ||| FLEEEEING.
  2254 | D:3      | 2254 ||| FLEEEEING.
  2255 | D:3      | 2255 ||| FLEEEEING.
  2256 | D:3      | 2256 ||| FLEEEEING.
  2261 | D:3      | 2261 ||| FLEEEEING.
  2623 | D:3      | 2623 ||| UPGRADING to +0 pair of gloves.
  2628 | D:3      | 2628 ||| READING scroll of enchant armour.
  2628 | D:3      | 2628 ||| ENCHANTING +0 pair of gloves.
  2629 | D:3      | 2629 ||| UPGRADING to ring of see invisible.
  2630 | D:3      | 2630 ||| READING scroll labelled DEADIGRIGUZ.
  3035 | D:4      | 3035 ||| Stepping ~*~*~tactically~*~*~ (hiding).
  3037 | D:4      | 3037 ||| Stepping ~*~*~tactically~*~*~ (hiding).
  3266 | D:4      | 3266 ||| Stepping ~*~*~tactically~*~*~ (stealth).
  3274 | D:4      | Noticed Robin
  3279 | D:4      | Killed Robin
  3280 | D:4      | Reached XP level 6. HP: 38/38 MP: 6/6
  3626 | D:4      | 3626 ||| UPGRADING to +0 helmet.
  3631 | D:4      | 3631 ||| DRINKING 3 lumpy red potions.
  3632 | D:4      | 3632 ||| READING 2 scrolls of identify.
  3632 | D:4      | 3632 ||| IDENTIFYING amethyst potion
  3633 | D:4      | 3633 ||| DROPPING 2 potions of degeneration.
  3663 | D:5      | Entered Level 5 of the Dungeon
  3783 | D:5      | 3783 ||| Stepping ~*~*~tactically~*~*~ (hiding).
  3790 | D:5      | HP: 9/38 [orc priest/+0 short sword (4)]
  3791 | D:5      | 3791 ||| READING scroll of teleportation.
  3793 | D:5      | Killed from afar by an orc priest

Levels and vault maps discovered:
D:1:      dpeg_arrival_shrine, layout_basic, nicolae_figureground_pulse
D:2:      layout_basic, basic_altar
D:3:      layout_loops_corners, uniq_jessica
D:4:      layout_loops_ring, dk_rats_in_the_wall, uniq_robin
D:5:      layout_loops_ring, minmay_misc_feat_rugged

Skill      XL: |  1  2  3  4  5 |
---------------+----------------+-----
Axes           | 2 3 4 5 |  5.5
Fighting       | 4 |  4.0
Armour         | |  3.2
Shields        | |  3.2

Action                     |  1- 3 |  4- 6 || total
---------------------------+-------+-------++-------
  Melee: War axe           |    65 |   260 ||   325
    Use: Scroll            |       |    10 ||    10
         Potion            |       |     1 ||     1
 Armour: Scale mail        |    41 |    35 ||    76
         Chain mail        |       |    88 ||    88
  Dodge: Dodged            |    34 |    87 ||   121
  Block: Buckler           |    12 |    40 ||    52

Table legend:
 A = Non-vault XP
 B = Vault XP
 C = Vault XP percentage of total XP
 D = Non-vault monster count
 E = Vault monster count
 F = Vault count percentage of total count
                 A         B        C        D         E       F
            +---------+---------+-------+---------+---------+-------
      Total |     367 |      71 |  16.2 |      93 |      11 |  10.6
            +---------+---------+-------+---------+---------+-------
        D:1 |      39 |       0 |   0.0 |      24 |       0 |   0.0
        D:2 |     125 |       0 |   0.0 |      25 |       0 |   0.0
        D:3 |      69 |      37 |  34.9 |      24 |       1 |   4.0
        D:4 |      45 |      34 |  43.0 |      15 |      10 |  40.0
        D:5 |      89 |       0 |   0.0 |       5 |       0 |   0.0
            +---------+---------+-------+---------+---------+-------
